General information
			
			
        
        - name: BNet
 
        - type: Ladder team game (AT/RT)
 
        - host: Battle.net
 
        - saver: sc2no_wc4yes
 
        
map: Deadlock 
        - players: 8
 
        - length: 48:00
 
        - speed: Fast
 - version: 1.22 W3XP
 - replay type:  Public
 
» download(185 KB)
Players
        team 1 (winner) 
              
              
sc2no_wc4yes (
green | 73 APM | 3500 actions | 48:00)
              
 9 Archmage 
 3 Blizzard
 3 Brilliance Aura
 1 Mass Teleport
 2 Summon Water Elemental
 
                » actions 
                
                | Assign group hotkey | 56 |  | 
| Basic commands | 221 |  | 
| Build / train | 97 |  | 
| ESC pressed | 24 |  | 
| Enter build submenu | 48 |  | 
| Enter hero's abilities submenu | 12 |  | 
| Give item / drop item | 2 |  | 
| Right click | 1157 |  | 
| Select / deselect | 478 |  | 
| Select group hotkey | 1189 |  | 
| Use ability | 215 |  | 
                3500 total
 » units 
                
                | Peasant | 28 |  | 
| Footman | 12 |  | 
| Rifleman | 13 |  | 
| Dragonhawk Rider | 4 |  | 
| Knight | 2 |  | 
                59 total
 » upgrades
                
                | Defend | 2 |  | 
| Long Rifles | 2 |  | 
| Gunpowder | 3 |  | 
| Masonry | 2 |  | 
| Swords | 1 |  | 
| Armor | 1 |  | 
| Plating | 1 |  | 
| Cloud | 1 |  | 
                13 total
 » buildings
                
                | Altar of Kings | 2 |  | 
| Farm | 23 |  | 
| Scout Tower | 5 |  | 
| Arcane Tower | 2 |  | 
| Barracks | 5 |  | 
| Blacksmith | 2 |  | 
| Keep | 2 |  | 
| Lumber Mill | 5 |  | 
| Castle | 2 |  | 
| Gryphon Aviary | 3 |  | 
| Arcane Vault | 1 |  | 
| Town Hall | 2 |  | 
                54 total
 » build order
                00:05 Altar of Kings
00:19 Farm
00:36 Scout Tower
00:58 Altar of Kings
01:00 Farm
01:19 Arcane Tower
01:28 Barracks
01:35 Farm
01:46 Farm
01:47 Farm
01:47 Farm
02:44 Barracks
02:44 Barracks
02:46 Farm
02:46 Farm
02:47 Farm
02:47 Farm
02:57 Barracks
02:57 Barracks
03:44 Farm
03:48 Blacksmith
05:29 Farm
07:02 Keep
07:04 Keep
07:05 Lumber Mill
07:08 Lumber Mill
07:43 Blacksmith
07:49 Farm
07:50 Farm
07:50 Farm
07:51 Farm
07:54 Scout Tower
07:56 Farm
07:56 Farm
09:12 Scout Tower
09:12 Scout Tower
09:14 Scout Tower
11:15 Arcane Tower
14:07 Castle
14:09 Castle
20:35 Lumber Mill
20:52 Lumber Mill
21:18 Gryphon Aviary
21:19 Gryphon Aviary
21:22 Arcane Vault
21:25 Gryphon Aviary
21:40 Lumber Mill
22:53 Farm
22:53 Farm
22:53 Farm
25:54 Farm
31:15 Town Hall
40:50 Town Hall
» items
                 
               
              
              
» 
jarx (
yellow | 0 APM | 0 actions | 48:00)
              
               
              
              
» 
malicious_mango (
red | 36 APM | 1198 actions | 33:28)
              
 1 Far Seer 
 1 Feral Spirit
 
                » actions 
                
                | Assign group hotkey | 28 |  | 
| Basic commands | 179 |  | 
| Build / train | 55 |  | 
| ESC pressed | 23 |  | 
| Enter build submenu | 45 |  | 
| Enter hero's abilities submenu | 2 |  | 
| Right click | 398 |  | 
| Select / deselect | 283 |  | 
| Select group hotkey | 94 |  | 
| Use ability | 91 |  | 
                1198 total
 » units 
                
                | Peon | 11 |  | 
| Grunt | 3 |  | 
| Demolisher | 5 |  | 
| Footman | 25 |  | 
                44 total
 » upgrades
                
                | Spiked Barricades | 1 |  | 
| Ranged Weapons | 1 |  | 
| Swords | 1 |  | 
                3 total
 » buildings
                
                | Altar of Storms | 1 |  | 
| Orc Burrow | 7 |  | 
| Voodoo Lounge | 1 |  | 
| War Mill | 1 |  | 
| Barracks | 1 |  | 
| Watch Tower | 26 |  | 
| Stronghold | 1 |  | 
| Farm | 5 |  | 
| Guard Tower | 1 |  | 
                44 total
 » build order
                00:41 Altar of Storms
00:50 Orc Burrow
01:22 Voodoo Lounge
02:38 Orc Burrow
04:26 War Mill
06:34 Barracks
07:45 Watch Tower
07:46 Watch Tower
07:48 Watch Tower
07:49 Watch Tower
08:41 Watch Tower
08:44 Watch Tower
08:48 Watch Tower
08:51 Watch Tower
09:00 Stronghold
09:46 Orc Burrow
09:49 Orc Burrow
09:54 Watch Tower
09:59 Watch Tower
10:11 Watch Tower
10:19 Watch Tower
10:25 Watch Tower
10:33 Watch Tower
10:42 Orc Burrow
11:10 Watch Tower
11:28 Watch Tower
11:36 Watch Tower
11:40 Watch Tower
12:09 Watch Tower
12:16 Watch Tower
12:24 Watch Tower
13:14 Watch Tower
13:17 Watch Tower
13:49 Watch Tower
13:53 Watch Tower
14:32 Watch Tower
19:30 Orc Burrow
19:32 Orc Burrow
21:35 Farm
21:35 Farm
21:36 Farm
21:37 Farm
21:38 Farm
28:12 Guard Tower
» items
                
                | Healing Salve | 1 |  | 
| Lesser Clarity Potion | 2 |  | 
| Scroll of Speed | 1 |  | 
                4 total
  
               
              
              
hobbes333 (
pink | 11 APM | 376 actions | 32:56)
              
 2 Demon Hunter 
 2 Immolation
 
                » actions 
                
                | Basic commands | 45 |  | 
| Build / train | 61 |  | 
| Enter build submenu | 23 |  | 
| Enter hero's abilities submenu | 2 |  | 
| Remove unit from queue | 7 |  | 
| Right click | 14 |  | 
| Select / deselect | 197 |  | 
| Use ability | 27 |  | 
                376 total
 » units 
                
                | Wisp | 9 |  | 
| Archer | 6 |  | 
| Huntress | 23 |  | 
| Glaive Thrower | 8 |  | 
                46 total
 » buildings
                
                | Altar of Elders | 1 |  | 
| Ancient of War | 2 |  | 
| Moon Well | 9 |  | 
| Hunter's Hall | 1 |  | 
| Ancient Protector | 1 |  | 
| Tree of Ages | 1 |  | 
                15 total
 » build order
                00:24 Altar of Elders
01:06 Ancient of War
01:17 Moon Well
01:58 Hunter's Hall
03:12 Moon Well
03:37 Ancient Protector
04:39 Moon Well
06:00 Moon Well
08:52 Tree of Ages
09:22 Ancient of War
18:15 Moon Well
19:18 Moon Well
20:14 Moon Well
20:27 Moon Well
22:00 Moon Well
 
               team 2 (loser) 
              
              
              
tonb1 (
blue | 0 APM | 0 actions | 48:00)
              
               
              
              
IlIllllIIIIllll (
teal | 107 APM | 5138 actions | 47:58)
              
 4 Paladin 
 1 Holy Light
 1 Divine Shield
 2 Devotion Aura
 4 Archmage 
 1 Blizzard
 2 Brilliance Aura
 1 Summon Water Elemental
 1 Death Knight 
 1 Death Coil
 1 Tauren Chieftain 
 1 War Stomp
 
                » actions 
                
                | Assign group hotkey | 19 |  | 
| Basic commands | 38 |  | 
| Build / train | 165 |  | 
| ESC pressed | 10 |  | 
| Enter build submenu | 91 |  | 
| Enter hero's abilities submenu | 11 |  | 
| Give item / drop item | 2 |  | 
| Right click | 2202 |  | 
| Select / deselect | 510 |  | 
| Select group hotkey | 1902 |  | 
| Use ability | 188 |  | 
                5138 total
 » units 
                
                | Peasant | 37 |  | 
| Peon | 18 |  | 
| Acolyte | 9 |  | 
| Ghoul | 11 |  | 
| Gryphon Rider | 5 |  | 
| Flying Machine | 2 |  | 
                82 total
 » upgrades
                
                | Masonry | 4 |  | 
| Plating | 3 |  | 
| Spiked Barricades | 1 |  | 
| Unholy Armor | 1 |  | 
| Lumber Harvesting | 2 |  | 
| Swords | 3 |  | 
| Armor | 3 |  | 
| Cloud | 1 |  | 
| Storm Hammers | 1 |  | 
| Gunpowder | 3 |  | 
| Flying Machine Bombs | 1 |  | 
| Flak Cannons | 1 |  | 
                24 total
 » buildings
                
                | Lumber Mill | 4 |  | 
| Altar of Kings | 2 |  | 
| Farm | 14 |  | 
| War Mill | 1 |  | 
| Orc Burrow | 5 |  | 
| Ziggurat | 12 |  | 
| Crypt | 1 |  | 
| Altar of Darkness | 1 |  | 
| Scout Tower | 24 |  | 
| Nerubian Tower | 2 |  | 
| Watch Tower | 7 |  | 
| Arcane Tower | 3 |  | 
| Graveyard | 1 |  | 
| Guard Tower | 13 |  | 
| Blacksmith | 2 |  | 
| Altar of Storms | 1 |  | 
| Spirit Tower | 4 |  | 
| Keep | 3 |  | 
| Arcane Vault | 1 |  | 
| Stronghold | 2 |  | 
| Halls of the Dead | 3 |  | 
| Castle | 1 |  | 
| Town Hall | 3 |  | 
| Gryphon Aviary | 3 |  | 
| Workshop | 2 |  | 
                115 total
 » build order
                00:21 Lumber Mill
00:23 Altar of Kings
00:25 Farm
00:34 War Mill
00:40 Orc Burrow
00:47 Ziggurat
00:50 Crypt
01:01 Altar of Kings
01:03 Lumber Mill
01:05 Farm
01:07 Farm
01:23 Altar of Darkness
01:30 Farm
01:37 Scout Tower
01:45 Nerubian Tower
01:50 Scout Tower
01:55 Scout Tower
02:01 Watch Tower
02:04 Orc Burrow
02:35 Arcane Tower
02:49 Watch Tower
02:54 Graveyard
02:59 Ziggurat
03:14 Arcane Tower
03:14 Guard Tower
03:17 Farm
03:19 Scout Tower
03:20 Scout Tower
03:22 Watch Tower
03:23 Watch Tower
03:45 Scout Tower
03:49 Orc Burrow
03:59 Blacksmith
04:00 Arcane Tower
04:04 Guard Tower
04:20 Nerubian Tower
04:22 Ziggurat
04:27 Ziggurat
04:32 Altar of Storms
04:34 Orc Burrow
04:44 Guard Tower
05:19 Spirit Tower
05:38 Scout Tower
05:41 Keep
05:53 Keep
05:56 Scout Tower
05:57 Scout Tower
05:59 Scout Tower
06:06 Scout Tower
06:19 Farm
06:22 Lumber Mill
06:24 Guard Tower
06:25 Scout Tower
06:54 Guard Tower
06:55 Scout Tower
06:58 Scout Tower
07:09 Ziggurat
07:14 Ziggurat
07:25 Scout Tower
07:27 Guard Tower
07:29 Farm
07:31 Arcane Vault
07:41 Guard Tower
07:54 Watch Tower
07:56 Stronghold
07:59 Orc Burrow
08:30 Spirit Tower
08:32 Ziggurat
09:00 Watch Tower
09:01 Watch Tower
09:17 Ziggurat
09:22 Halls of the Dead
09:22 Halls of the Dead
10:29 Guard Tower
10:32 Scout Tower
10:41 Spirit Tower
10:46 Ziggurat
10:54 Castle
11:00 Scout Tower
11:02 Scout Tower
11:08 Scout Tower
11:09 Guard Tower
12:14 Guard Tower
12:17 Scout Tower
12:49 Guard Tower
13:40 Blacksmith
14:16 Ziggurat
14:18 Ziggurat
14:24 Ziggurat
14:32 Spirit Tower
15:38 Scout Tower
15:40 Scout Tower
15:40 Scout Tower
16:28 Guard Tower
16:33 Lumber Mill
16:36 Scout Tower
17:12 Guard Tower
18:04 Town Hall
18:49 Farm
20:26 Gryphon Aviary
20:28 Gryphon Aviary
20:30 Gryphon Aviary
22:08 Farm
22:53 Farm
22:54 Farm
23:35 Farm
24:24 Farm
24:43 Farm
26:04 Workshop
26:05 Workshop
28:00 Town Hall
30:10 Town Hall
» items
                
                | Potion of Healing | 1 |  | 
| Scroll of Regeneration | 3 |  | 
| Scroll of Town Portal | 2 |  | 
| Potion of Lesser Invulnerability | 1 |  | 
| Staff of Teleportation | 1 |  | 
| Boots of Speed | 1 |  | 
                9 total
  
               
              
              
ToArms (
orange | 0 APM | 0 actions | 48:00)
              
                Chat log
          (00:02 / All) sc2no_wc4yes: rofl
(00:07 / All) IlIllllIIIIllll: fucking idiot
(00:12 / All) sc2no_wc4yes: leave
(00:14 / All) IlIllllIIIIllll: get a better computer loser
(00:15 / All) sc2no_wc4yes: little baby
(00:29 / All) malicious_mango: lol
(00:37 / All) malicious_mango: are u really going to play still?
(00:45 / All) sc2no_wc4yes: barcode noobs are barcode noobs
(00:48 / All) sc2no_wc4yes: what do you expect her to do
(00:51 / All) IlIllllIIIIllll: loser
(00:56 / Allies) malicious_mango: u did take really long time dude
(01:01 / Allies) sc2no_wc4yes: orly
(01:05 / Allies) malicious_mango: i was bout to quit myself
(01:10 / Allies) malicious_mango: yes rly
(01:14 / Allies) sc2no_wc4yes: rush obv.
(01:19 / Allies) malicious_mango: ye
(01:29 / Allies) malicious_mango: ima get farseer for the xtra units
(01:34 / Allies) malicious_mango: actually
(01:41 / Allies) malicious_mango: yeah nvm
(02:18 / All) sc2no_wc4yes: nice surround
(02:39 / Allies) hobbes333: RUSH?
(02:43 / Allies) malicious_mango: duh
(02:43 / Allies) hobbes333: srry caps
(03:11 / Allies) malicious_mango: shoulda gotten elementals green
(03:12 / Allies) malicious_mango: coming
(03:15 / Allies) sc2no_wc4yes: ...
(03:18 / Allies) sc2no_wc4yes: i wouldnt have killed 7 peons
(03:18 / Allies) malicious_mango: xtra units
(03:20 / Allies) sc2no_wc4yes: with elenemtansl
(03:22 / Allies) malicious_mango: better for rush
(03:28 / Allies) malicious_mango: could have yes
(04:12 / Allies) malicious_mango: ima go there
(04:18 / Allies) sc2no_wc4yes: just get units pls
(04:19 / Allies) sc2no_wc4yes: ur ideas are bad
(04:34 / Allies) malicious_mango: what are u talking about?
(04:38 / Allies) malicious_mango: im just having fun
(04:39 / Allies) sc2no_wc4yes: wolves, elementals etc
(04:41 / Allies) sc2no_wc4yes: just saying
(04:41 / Allies) malicious_mango: he cant really win this
(04:44 / Allies) sc2no_wc4yes: yeah he can
(04:46 / Allies) sc2no_wc4yes: ive won 1v4
(04:49 / Allies) malicious_mango: not really
(04:52 / Allies) malicious_mango: yeah ok
(04:54 / Allies) sc2no_wc4yes: yarly
(05:16 / Allies) sc2no_wc4yes: u areny makign shit
(05:20 / Allies) malicious_mango: ima tower
(05:20 / Allies) sc2no_wc4yes: he isnt moving
(05:22 / Allies) sc2no_wc4yes: its 4v2
(05:23 / Allies) sc2no_wc4yes: imo
(05:31 / Allies) sc2no_wc4yes: another shitty idea
(05:36 / Allies) malicious_mango: yeah ok
(05:39 / Allies) malicious_mango: u just wait and see
(05:43 / Allies) sc2no_wc4yes: no really its bad
(05:47 / Allies) sc2no_wc4yes: please jsut make grutns like a good turd
(06:05 / Allies) malicious_mango: not when u make fun of me and call me names i wont
(06:16 / Allies) sc2no_wc4yes: ur feeligns are hurt
(06:17 / Allies) sc2no_wc4yes: srs?
(07:13 / Allies) malicious_mango: what has better range undead towers or orc?
(07:18 / Allies) sc2no_wc4yes: orc
(07:21 / Allies) malicious_mango: kk good
(07:30 / Allies) malicious_mango: but for the record i am building grunts too
(08:12 / All) sc2no_wc4yes: u arent 1v4 material
(08:13 / All) sc2no_wc4yes: leave
(08:16 / All) sc2no_wc4yes: birdnoob
(08:20 / All) IlIllllIIIIllll: fight me in person?
(08:24 / All) malicious_mango: lol
(08:25 / All) sc2no_wc4yes: rofl
(08:26 / Allies) malicious_mango: do it
(08:28 / All) sc2no_wc4yes: furious barcoder
(08:40 / All) IlIllllIIIIllll: pussy
(11:02 / Allies) sc2no_wc4yes: rofl red u fail
(11:13 / Allies) malicious_mango: naaaah
(11:17 / Allies) malicious_mango: i win cuz i had more fun
(11:22 / Allies) sc2no_wc4yes: no you didnt
(11:31 / Allies) sc2no_wc4yes: sayind you did doesnt mean its true
(12:44 / Allies) malicious_mango: pink gimme wood
(13:11 / Allies) malicious_mango: ty
(14:55 / Allies) sc2no_wc4yes: stop it fag
(14:57 / Allies) sc2no_wc4yes: manage ur own garbage
(15:09 / Allies) malicious_mango: what? it doesnt do anything if ur not using spell
(15:15 / Allies) sc2no_wc4yes: u kill 20 foots
(15:18 / Allies) sc2no_wc4yes: and hurt a tower 80 hp
(15:38 / Allies) sc2no_wc4yes: lol now he crys and stabs
(15:43 / Allies) sc2no_wc4yes: wahhhh IM HAVINGH MORE FUN
(15:57 / Allies) malicious_mango: hey u brought this upon urself
(16:00 / Allies) malicious_mango: u killed my hero
(16:02 / Allies) sc2no_wc4yes: crybaby
(16:11 / Allies) sc2no_wc4yes: GUYS IM HAVING FUN GRRR
(17:42 / All) malicious_mango: just leave ur waste of time
(17:46 / All) IlIllllIIIIllll: make me
(17:52 / All) sc2no_wc4yes: lol yeah tower rush him
(20:14 / Allies) sc2no_wc4yes: haha dbag
(20:17 / Allies) sc2no_wc4yes: nab
(20:54 / Allies) hobbes333: where should we go
(22:20 / Allies) malicious_mango: hey FDINISH THE GAME!
(22:50 / Allies) malicious_mango: FINISH THE GAME RETARD!
(22:54 / Allies) hobbes333: is green on our team
(22:56 / Allies) malicious_mango: pink do something
(22:57 / Allies) malicious_mango: yes
(23:00 / Allies) sc2no_wc4yes: yes
(23:04 / Allies) sc2no_wc4yes: pink
(23:06 / Allies) sc2no_wc4yes: red tried to kill me
(23:06 / Allies) malicious_mango: he's retarded just get bunch of glaives and finish game!
(23:07 / Allies) sc2no_wc4yes: with yellow
(23:10 / Allies) sc2no_wc4yes: becaus i insulted him
(23:13 / Allies) malicious_mango: yeah ok
(23:15 / Allies) sc2no_wc4yes: i have to kill yellow so he canmt make us lose
(23:19 / Allies) malicious_mango: who are u going to believe pink?
(23:40 / Allies) hobbes333: lets all team up and take on orange
(23:47 / Allies) malicious_mango: i cant do anything
(23:49 / Allies) hobbes333: ya green stop
(23:54 / Allies) malicious_mango: i have nothing left cuz of that fag
(24:05 / Allies) sc2no_wc4yes: nice tower rush noob
(24:13 / Allies) malicious_mango: it worked dint it?
(24:17 / Allies) sc2no_wc4yes: no
(24:18 / Allies) malicious_mango: EXACTLY SHUT-UP
(24:18 / Allies) sc2no_wc4yes: u did jack shit
(24:21 / Allies) sc2no_wc4yes: then i showed up
(24:23 / Allies) malicious_mango: yes it did
(24:23 / Allies) sc2no_wc4yes: and killd him with foots
(24:27 / Allies) malicious_mango: yeah ok
(24:30 / Allies) hobbes333: greeen lets kill orange
(24:32 / Allies) malicious_mango: u think ur so good but u suck
(24:42 / Allies) sc2no_wc4yes: not "so good"
(24:43 / Allies) sc2no_wc4yes: just not useless
(24:45 / Allies) sc2no_wc4yes: like you
(24:47 / Allies) sc2no_wc4yes: and your elementals
(24:48 / Allies) sc2no_wc4yes: and tower rushes
(24:52 / Allies) sc2no_wc4yes: baby noob cant even tk
(24:58 / Allies) sc2no_wc4yes: gold plz pink i need expo
(25:05 / Allies) malicious_mango: dont give it to him
(25:08 / Allies) sc2no_wc4yes: gold me fast so i can get hawks
(25:18 / Allies) malicious_mango: see if u were nice u coulda had some of my 4k gold but ur a fag so i gave to yellow
(25:20 / Allies) sc2no_wc4yes: u know what hawks are?
(25:22 / Allies) sc2no_wc4yes: they are aa
(25:24 / Allies) sc2no_wc4yes: give me fuckin gold
(25:25 / Allies) sc2no_wc4yes: dont lose
(25:26 / Allies) sc2no_wc4yes: giold me
(25:27 / Allies) sc2no_wc4yes: pink
(25:28 / Allies) sc2no_wc4yes: gold
(25:32 / Allies) malicious_mango: no dont
(25:51 / Allies) sc2no_wc4yes: ty
(26:00 / Allies) hobbes333: im screwd
(26:13 / Allies) malicious_mango: becuz u were sitting there doing nothing like for 20 minutes
(26:19 / Allies) malicious_mango: still are
(26:24 / Allies) sc2no_wc4yes: red ur horrible
(26:24 / Allies) sc2no_wc4yes: stfu
(26:35 / Allies) malicious_mango: i have better percentage than u do
(26:41 / Allies) sc2no_wc4yes: thats because i stab all the time
(26:42 / Allies) malicious_mango: for the amount of games i've played tht is
(26:46 / Allies) malicious_mango: EXACTLY!
(26:49 / Allies) malicious_mango: UR RETARDED!
(26:51 / Allies) sc2no_wc4yes: thats not noob
(26:54 / Allies) sc2no_wc4yes: losing when you try is noob
(26:55 / Allies) malicious_mango: yes it is
(26:59 / Allies) sc2no_wc4yes: retarded ideas that show ur iq is 10 is noob
(27:01 / Allies) malicious_mango: AND THT WHAT U SAID U DO
(27:05 / Allies) malicious_mango: STABBING MAKES U LOSE!
(27:33 / Allies) malicious_mango: if ur blizzard idea was so great.... how come he still came back to make an army?
(27:34 / Allies) malicious_mango: HMMMMMM
(27:38 / Allies) malicious_mango: yeah dont talk newb
(27:52 / Allies) sc2no_wc4yes: i killed 10 peasants in harass on first run
(27:54 / Allies) sc2no_wc4yes: u killed nothing
(29:01 / Allies) malicious_mango: use shackle newb
(29:07 / Allies) sc2no_wc4yes: tower rush him pls
(29:08 / Allies) sc2no_wc4yes: we need to win
(29:09 / Allies) hobbes333: can i have some gold
(29:15 / Allies) malicious_mango: dont have any
(29:17 / Allies) sc2no_wc4yes: i have no expo
(29:24 / Allies) malicious_mango: i gave my 4k to yellow cuz greens gay
(29:34 / Allies) sc2no_wc4yes: lol crybaby
(29:37 / Allies) sc2no_wc4yes: u had more fun tho right?
(29:58 / Allies) sc2no_wc4yes: answer
(30:00 / Allies) sc2no_wc4yes: u had more fun right?
(30:15 / Allies) hobbes333: i need some money some1
(30:21 / Allies) malicious_mango: what the heck are u doing green?
(30:28 / Allies) malicious_mango: finish the effing game!
(30:29 / Allies) sc2no_wc4yes: ud otn get to play red
(30:31 / Allies) sc2no_wc4yes: so stop trying
(30:32 / Allies) sc2no_wc4yes: noob
(30:45 / Allies) hobbes333: green lets atack orange
(30:47 / Allies) malicious_mango: freaking retard
(30:59 / Allies) sc2no_wc4yes: noob
(31:00 / Allies) hobbes333: come to me
(31:01 / Allies) sc2no_wc4yes: jhaving fun red?
(31:07 / Allies) malicious_mango: u dont understand pink.... green....is.....retarded!.... he doesnt understand common sense
(31:17 / Allies) sc2no_wc4yes: pink
(31:19 / Allies) sc2no_wc4yes: who is retarded
(31:20 / Allies) sc2no_wc4yes: me or red
(31:27 / Allies) sc2no_wc4yes: my managing 2 bases for the win or his tower rush?
(31:35 / Allies) hobbes333: i just want to finish this game and win
(31:41 / Allies) malicious_mango: yeah i do to
(31:52 / Allies) malicious_mango: but green's too childish and immature to
(32:06 / All) IlIllllIIIIllll: nice maphack loser
(32:11 / All) sc2no_wc4yes: ill tk now teal
(32:17 / Allies) hobbes333: wtf dude
(32:18 / All) IlIllllIIIIllll: i care loser
(32:20 / All) malicious_mango: teal ur just as gay as green
(32:31 / All) malicious_mango: u didnt leave when u had no chance
(32:31 / Allies) hobbes333: green your a fucking dumbass
(32:38 / Allies) malicious_mango: i told you
(32:46 / Allies) hobbes333: go back to school 
(32:51 / All) IlIllllIIIIllll: i care loser
(33:01 / All) malicious_mango: green is so dumb
(33:05 / All) malicious_mango: he killed pink's army
(33:06 / All) IlIllllIIIIllll: i care loser
(33:08 / All) malicious_mango: my army and base
(33:09 / All) sc2no_wc4yes: tell red his tower rush was gosu
(33:11 / All) sc2no_wc4yes: and ill give u win
(33:12 / All) malicious_mango: and yellow's army and base
(33:20 / All) IlIllllIIIIllll: idiot like i care
(33:24 / All) sc2no_wc4yes: rofl
(33:26 / All) sc2no_wc4yes: red and teal mad
(33:34 / All) IlIllllIIIIllll: youre a loser
(33:55 / All) sc2no_wc4yes: im glad u waited 5 minutes
(33:56 / All) sc2no_wc4yes: fopr this game
(33:58 / All) sc2no_wc4yes: barcode
(34:04 / All) sc2no_wc4yes: iw ish i could stats u but i cant
(34:05 / All) sc2no_wc4yes: foiled again
(34:08 / All) IlIllllIIIIllll: youre a loser
(35:07 / All) sc2no_wc4yes: u mad?
(35:13 / All) IlIllllIIIIllll: about what?
(35:18 / All) sc2no_wc4yes: u mad?
(35:27 / All) IlIllllIIIIllll: yea im mad that this is your life
(35:38 / All) sc2no_wc4yes: when u made this barcode acciount
(35:41 / All) sc2no_wc4yes: what wer eyou thinking
(35:46 / All) sc2no_wc4yes: "noone will /w me now"
(35:50 / All) sc2no_wc4yes: pretty nerdy imo
(35:54 / All) sc2no_wc4yes: shows a lot of premeditated rage
(35:57 / All) IlIllllIIIIllll: want to fight in person?
(35:59 / All) sc2no_wc4yes: yes
(36:05 / All) IlIllllIIIIllll: what city state u in?
(36:07 / All) sc2no_wc4yes: 2 bad ur too much of a pussy
(36:09 / All) sc2no_wc4yes: cleveland
(36:14 / All) IlIllllIIIIllll: thats doable
(36:18 / All) IlIllllIIIIllll: u a nigger?
(36:21 / All) sc2no_wc4yes: yes
(36:25 / All) IlIllllIIIIllll: k
(36:28 / All) IlIllllIIIIllll: u over 18?
(36:31 / All) sc2no_wc4yes: yes
(36:58 / All) IlIllllIIIIllll: well?
(37:03 / All) sc2no_wc4yes: well what
(37:11 / All) IlIllllIIIIllll: whats your email stupid?
(37:28 / All) sc2no_wc4yes: rollinondubz24@yahoo.com
(37:33 / All) sc2no_wc4yes: we email fight?
(37:56 / All) IlIllllIIIIllll: to contact u when im in OH idiot
(38:03 / All) IlIllllIIIIllll: and i need to send u a waiver form
(38:28 / All) IlIllllIIIIllll: whats your first name?
(38:32 / All) sc2no_wc4yes: mike
(38:43 / All) IlIllllIIIIllll: on your license is it micale?
(38:51 / All) sc2no_wc4yes: michael
(39:10 / All) IlIllllIIIIllll: how far is cleveland from columbus?
(39:22 / All) sc2no_wc4yes: idk 200 miles?
(39:27 / All) sc2no_wc4yes: gas is cheap now
(39:45 / All) IlIllllIIIIllll: ok u know a gym where we can fight? preferably with an open mat
(39:54 / All) sc2no_wc4yes: why do we need a gym
(39:56 / All) sc2no_wc4yes: do that shit in my yard
(40:06 / All) IlIllllIIIIllll: b/c i can get arrested stupid ass
(40:16 / All) IlIllllIIIIllll: and why would i go to your house stupid?
(40:30 / All) sc2no_wc4yes: in case you want something to drink when were done
(40:32 / All) sc2no_wc4yes: or chill w/e
(40:33 / All) sc2no_wc4yes: long drive
(40:38 / All) sc2no_wc4yes: ddont want u driving home all beat up
(40:40 / All) IlIllllIIIIllll: idiot
(40:56 / All) IlIllllIIIIllll: what is the first letter of your last name?
(41:06 / All) sc2no_wc4yes: D
(41:27 / All) IlIllllIIIIllll: ok i fight the nigger with that driver's licens only that you need to show
(41:38 / All) sc2no_wc4yes: its my house im here
(41:47 / All) IlIllllIIIIllll: not at your house stupid ass
(42:26 / All) sc2no_wc4yes: damn these untis suck vs building armor
(42:40 / All) sc2no_wc4yes: too bad you cant teach them new skills
(43:09 / All) IlIllllIIIIllll: do you belong to a gym stupid?
(43:12 / All) sc2no_wc4yes: no
(43:26 / All) IlIllllIIIIllll: how about a school?
(43:33 / All) sc2no_wc4yes: nope
(43:50 / All) IlIllllIIIIllll: is there a ymca nearby?
(43:58 / All) sc2no_wc4yes: yeah prolly
(43:59 / All) sc2no_wc4yes: i dont go there
(44:40 / All) IlIllllIIIIllll: can u come to columbus stupid?
(44:46 / All) sc2no_wc4yes: no way this was your idea
(45:07 / All) IlIllllIIIIllll: im already coming all the way to OH dumbass
(45:24 / All) sc2no_wc4yes: im nbot sure you are
(45:30 / All) IlIllllIIIIllll: whats your cell#?
(45:30 / All) sc2no_wc4yes: you propbably have this convo 7x a day
(45:38 / All) sc2no_wc4yes: id otn need nerds prank callign em with ip relay
(45:39 / All) sc2no_wc4yes: no thanks
(45:46 / All) IlIllllIIIIllll: im going there for a gunshow idiot
(45:57 / All) sc2no_wc4yes: dont need gun nuts coming by either
(46:08 / All) sc2no_wc4yes: find the lord and you wont have this anger
(46:17 / All) IlIllllIIIIllll: this is a sporting fight stupid
(46:21 / All) IlIllllIIIIllll: dumb nigger
(46:29 / All) sc2no_wc4yes: this was a sporting agame but you seem really imbalanced over it
(46:34 / All) sc2no_wc4yes: im fearing for my life a ltitle
(46:43 / All) IlIllllIIIIllll: idiot
(46:49 / All) sc2no_wc4yes: there have been cases where people kill each other
(46:52 / All) sc2no_wc4yes: over soem message board shit
(46:57 / All) sc2no_wc4yes: a bardcode woudl do that
(47:05 / All) sc2no_wc4yes: theyre rage filled
(47:10 / All) IlIllllIIIIllll: hey stupid u offered to do this at your home dumbass
(47:35 / All) sc2no_wc4yes: before you siad you were swinging by a gun show first
(47:41 / All) sc2no_wc4yes: stay away
(47:42 / All) sc2no_wc4yes: plz
(47:43 / All) IlIllllIIIIllll: i even said to do this at a gym
(47:58 / All) sc2no_wc4yes: plz dont w/w me